Map: Prion Terraces

Players

JusticeSimon

  • Race: Terran Terran
  • League: Master

WhyAlwaysMe - Winner!

  • Race: Protoss Protoss

VOD

Have the link to the VOD?

Description

Time

  • Played on: March 12, 2016, 11:11 p.m.
  • Length: 10:01
Show
View Real Time Build Order
Export as new Build Order

JusticeSimon Terran 

Build Orders:  

Get SALT Encoding   

  12  0:00  SCV  
  13  0:12  SCV  
  14  0:17  Supply Depot  
  14  0:25  SCV  
  15  0:39  SCV  
  15  0:41  Barracks  
  16  0:45  Refinery  
  16  0:51  SCV  
  17  1:03  SCV  
  18  1:06  Refinery  
  18  1:15  SCV  
  19  1:27  SCV  
  19  1:32  Barracks Reactor  
  20  1:40  Orbital Command  
  20  1:52  Factory  
  20  1:55  Supply Depot  
  20  2:05  SCV  
  21  2:11  Marine  
  21  2:12  Marine  
  23  2:24  SCV  
  23  2:29  Marine x2  
  25  2:35  Supply Depot  
  25  2:42  Starport  
  25  2:43  Widow Mine  
  27  2:54  Bunker  
  27  3:00  Marine x2  
  29  3:16  Widow Mine  
  29  3:18  Marine x2  
  32  3:47  Marine x2  
  31  3:55  Medivac  
  31  4:05  Marine x2  
  29  4:15  Widow Mine  
  30  4:17  SCV  
  31  4:30  Marine x2  
  31  4:31  SCV  
  34  4:34  Command Center  
  31  4:48  Marine  
  31  4:50  Marine  
  31  4:58  Widow Mine  
  34  5:06  Marine  
  32  5:08  Marine  
  27  5:19  Viking  
  23  5:24  Marine  
  24  5:36  SCV  
  25  5:48  SCV  
  22  6:06  Marine x2  
  22  6:09  SCV  
  25  6:21  SCV  
  25  6:25  Marine  
  25  6:26  Orbital Command  
  25  6:30  Marine  
  26  6:33  SCV  
  26  6:34  Widow Mine  
  29  6:43  Marine  
  29  6:45  SCV  
  29  6:50  Engineering Bay, Viking  
  32  6:54  SCV, Marine  
  32  6:57  SCV  
  34  7:02  Widow Mine  
  34  7:06  SCV  
  37  7:09  SCV  
  38  7:18  SCV  
  39  7:27  SCV  
  39  7:28  Missile Turret  
  40  7:30  SCV  
  40  7:31  Missile Turret  
  40  7:33  Missile Turret  
  41  7:39  SCV  
  42  7:45  SCV  
  42  7:46  Marine x2  
  42  7:51  SCV, Barracks  
  44  7:54  Barracks  
  44  7:57  SCV  
  45  8:15  SCV  
  45  8:16  SCV  
  43  8:28  SCV, Medivac  
  43  8:29  Barracks  
  43  8:31  Starport, Barracks Tech Lab  
  46  8:36  Supply Depot  
  46  8:37  SCV  
  46  8:40  SCV  
  48  8:42  Refinery  
  48  8:43  Supply Depot  
  48  8:44  Refinery  
  48  8:51  SCV, Supply Depot  
  48  8:52  SCV  
  50  9:02  Medivac  
  52  9:19  SCV x2  
  54  9:25  Starport Reactor  
  54  9:32  Marine x5  
Show
View Real Time Build Order
Export as new Build Order

WhyAlwaysMe Protoss - Winner!

Build Orders: Oracle Opening 

Get SALT Encoding   

  12  0:01  Probe (Chrono Boost)  
  13  0:12  Probe (Chrono Boost)  
  14  0:22  Pylon, Probe (Chrono Boost)  
  15  0:40  Probe (Chrono Boost), Gateway  
  16  0:43  Assimilator  
  16  0:51  Probe (Chrono Boost)  
  17  1:01  Probe (Chrono Boost)  
  18  1:09  Pylon  
  18  1:12  Probe (Chrono Boost)  
  19  1:22  Probe (Chrono Boost)  
  20  1:28  Cybernetics Core  
  20  1:32  Assimilator  
  20  1:33  Probe (Chrono Boost)  
  20  1:38  Zealot  
  23  1:43  Probe (Chrono Boost)  
  24  2:01  Probe (Chrono Boost)  
  25  2:05  Stalker (Chrono Boost)  
  27  2:13  Warp Gate  
  27  2:14  Mothership Core (Chrono Boost)  
  29  2:32  Stalker (Chrono Boost)  
  31  2:45  Pylon  
  31  2:47  Nexus, Pylon  
  31  2:58  Pylon  
  30  3:09  Stargate  
  30  3:16  Probe  
  29  3:23  Stalker (Chrono Boost)  
  31  3:28  Probe  
  32  3:49  Stalker (Chrono Boost)  
  34  3:56  Oracle  
  34  4:01  Probe  
  34  4:02  Probe, Gateway  
  37  4:14  Probe  
  36  4:19  Probe  
  36  4:21  Pylon, Gateway  
  37  4:26  Probe  
  37  4:29  Probe  
  39  4:32  Oracle  
  39  4:38  Probe  
  43  4:51  Forge  
  34  5:21  Stalker  
  34  5:33  Stalker, Oracle (Chrono Boost)  
  39  5:36  Stalker  
  39  5:39  Probe  
  39  5:41  Probe  
  41  5:50  Probe  
  41  5:52  Stalker  
  41  5:53  Probe  
  45  5:58  Gateway  
  45  6:00  Probe  
  45  6:03  Gateway  
  46  6:05  Probe  
  46  6:11  Probe  
  47  6:17  Probe  
  49  6:21  Probe  
  49  6:23  Pylon  
  44  6:29  Probe, Assimilator  
  44  6:31  Assimilator  
  44  6:32  Probe  
  45  6:37  Stalker x3  
  52  6:41  Probe  
  52  6:42  Probe  
  54  6:53  Probe x2, Pylon  
  56  7:03  Probe, Protoss Ground Weapons Level 1 (Chrono Boost)  
  56  7:05  Probe  
  58  7:11  Photon Cannon  
  58  7:12  Pylon  
  58  7:14  Probe  
  58  7:18  Mothership Core  
  56  7:27  Void Ray  
  60  7:33  Pylon  
  60  7:38  Pylon  
  60  7:42  Probe x2  
  62  7:56  Photon Cannon  
  62  8:00  Probe  
  62  8:01  Probe  
  64  8:10  Probe  
  63  8:13  Probe  
  64  8:21  Probe  
  64  8:25  Probe  
  66  8:29  Sentry x2  
  66  8:31  Probe  
  71  8:38  Probe, Pylon  
  72  8:43  Zealot  
  72  8:44  Zealot  
  72  8:45  Zealot  
  78  8:50  Twilight Council  
  78  8:54  Pylon  
  78  8:58  Zealot  
  78  9:01  Zealot  
  82  9:07  Probe  
  83  9:15  Void Ray  
  78  9:47  Zealot x5  
Tags
 
Add a new tag
Caveats
  • Supply blocks, unpowered buildings, or Contaminate may cause inaccurate times.
  • Supply counts are checked every 10 seconds.